 Dungeon Crawl Stone Soup version 0.25.1-2-g60ff931df9 (webtiles) character file.

Game seed: 13744106169485553386

451 gruber the Carver (level 6, -7/51 HPs)
             Began as a Minotaur Fighter on Dec 3, 2020.
             Mangled by Maggie
             ... wielding a +1 glaive of venom
              (14 damage)
             ... on level 6 of the Dungeon.
             The game lasted 00:02:21 (2550 turns).

gruber the Carver (Minotaur Fighter)                Turns: 2550, Time: 00:02:22

Health: -7/51      AC:  6    Str: 22    XL:     6   Next: 75%
Magic:  5/5        EV:  7    Int:  5    God:
Gold:   121        SH:  9    Dex: 10    Spells: 5/5 levels left

rFire    . . .     SeeInvis .   o - +5 dagger (venom)
rCold    . . .     Gourm    .   c - +0 kite shield
rNeg     . . .     Faith    .   b - +0 scale mail
rPois    .         Spirit   .   (helmet restricted)
rElec    .         Reflect  .   (no cloak)
rCorr    .         Harm     .   (no gloves)
MR       .....                  (no boots)
Stlth    ..........             j - amulet of the acrobat
HPRegen  0.17/turn              (no ring)
MPRegen  0.09/turn              (no ring)

@: lethally poisoned (-7 -> -19), mesmerised
A: retaliatory headbutt, horns 2
a: no special abilities


You were on level 6 of the Dungeon.
You were not hungry.

You visited 1 branch of the dungeon, and saw 4 of its levels.

You collected 121 gold pieces.

Inventory:

Hand Weapons
 a - a +0 long sword
 o - a +5 dagger of venom (weapon)
Armour
 b - a +0 scale mail (worn)
 c - a +0 kite shield (worn)
Jewellery
 j - an amulet of the acrobat (around neck)
Wands
 d - a wand of flame (22)
Scrolls
 e - a scroll of immolation {unknown}
 h - a scroll of magic mapping {unknown}
 i - 5 scrolls of identify {unknown}
 k - 2 scrolls of fog {unknown}
 m - a scroll of noise {unknown}
 p - a scroll of teleportation {unknown}
 q - a scroll of amnesia {unknown}
Potions
 l - a potion of brilliance {unknown}
 n - 2 potions of flight {unknown}
 r - a potion of berserk rage {unknown}
Comestibles
 f - 3 rations


   Skills:
 - Level 3.6 Fighting
 + Level 8.8 Long Blades
 - Level 3.6 Armour
 - Level 3.6 Shields


You had 5 spell levels left.
You didn't know any spells.
Your spell library was empty.

Dungeon Overview and Level Annotations

Branches:
Dungeon (3/15)

Altars:
Gozag
Yredelemnul

Shops:
D:2 *

Annotations:
D:6 Maggie


Innate Abilities, Weirdness & Mutations

You reflexively headbutt those who attack you in melee.
You have a pair of horns on your head.


Message History

You feel sick.
Maggie drinks a potion.
Maggie is healed!
You puncture Maggie!
Maggie looks as sick as possible!
Maggie is heavily wounded.
You feel sick.
Maggie hits you with a +1 glaive of venom!
You are more poisoned.
You hit Maggie but do no damage.
Maggie is heavily wounded.
You feel sick.
You barely miss Maggie.
Maggie is heavily wounded.
You feel sick.
Maggie hits you with a +1 glaive of venom!
* * * LOW HITPOINT WARNING * * *
Your shield and scale mail prevent you from hitting Maggie.
Maggie is heavily wounded.
* * * LOW HITPOINT WARNING * * *
You feel sick.
Maggie hits you with a +1 glaive of venom!
You die...

####### #.....# ##
#####.#.# ..
#....)#.# #
##.########.#.#
..#.#.............#
......=########@###
.<...........รท.@#
............#####
............#
.#..........#
#......@...#
..........$.#
.......######
.....#.


You could see Maggie (mesmerising, extremely poisoned).

Vanquished Creatures
  An ogre (D:6)
  A wyvern zombie (D:6)
  A howler monkey (D:6)
  A jelly (D:6)
  A hound (D:6)
  A bullfrog skeleton (D:6)
  Crazy Yiuf (D:2)
  A worker ant (D:6)
  A worker ant zombie (D:6)
  Robin (D:2)
  A gnoll (D:1)
  4 adders (D:2)
  2 oozes (D:2)
  2 worms (D:2)
  13 goblins
  4 hobgoblins
  2 jackals (D:2)
  2 quokkas
  4 bats
  A frilled lizard (D:1)
  6 kobolds
  4 rats
55 creatures vanquished.

Notes
Turn   | Place    | Note
-------+----------+-------------------------------------------
     0 | D:1      | gruber the Minotaur Fighter began the quest for the Orb.
     0 | D:1      | Reached XP level 1. HP: 19/19 MP: 0/0
   129 | D:1      | Reached skill level 3 in Long Blades
   157 | D:1      | Reached XP level 2. HP: 25/26 MP: 1/1
   608 | D:2      | Reached skill level 4 in Long Blades
   658 | D:2      | Reached XP level 3. HP: 29/31 MP: 2/2
   702 | D:2      | Found an opulent altar of Gozag.
   704 | D:2      | Found Gozag's Platinum Reserve.
   781 | D:2      | Reached skill level 5 in Long Blades
   783 | D:2      | Reached XP level 4. HP: 23/39 MP: 3/3
   872 | D:2      | Noticed Robin
  1156 | D:2      | Killed Robin
  1438 | D:2      | Reached skill level 6 in Long Blades
  1526 | D:2      | Found a runed translucent door.
  1527 | D:2      | Noticed Crazy Yiuf
  1813 | D:2      | Killed Crazy Yiuf
  1813 | D:2      | Reached XP level 5. HP: 35/45 MP: 4/4
  1899 | D:3      | Found a basalt altar of Yredelemnul.
  1900 | D:3      | Noticed a hippogriff
  2152 | D:3      | You fall into a shaft and drop 3 floors!
  2152 | D:6      | Noticed an ogre
  2166 | D:6      | Killed an ogre
  2166 | D:6      | Reached skill level 7 in Long Blades
  2290 | D:6      | Reached XP level 6. HP: 43/51 MP: 5/5
  2295 | D:6      | Reached skill level 8 in Long Blades
  2525 | D:6      | Noticed Maggie
  2550 | D:6      | Mangled by Maggie

Illustrated notes

Levels and vault maps discovered:
D:1:      giann_forest_graveyard, layout_basic
D:2:      layout_loops_ring, nicolae_gozag_zags_fifth_avenue, uniq_robin,
          uniq_crazy_yiuf_cottage
D:3:      layout_loops_ring, grunt_temple_overflow_growth_and_decay,
          lemuel_round_altar, lemuel_round_altar, minmay_close_crescents
D:6:      lemuel_insect_pit, layout_basic, fedhas_bush_and_centaur_altar,
          uniq_maggie, uniq_menkaure

Skill      XL: |  1  2  3  4  5  6 |
---------------+-------------------+-----
Long Blades    | 3 4 5 6 7 8 |  8.8
Fighting       | |  3.6
Armour         | |  3.6
Shields        | |  3.6

Action                   |  1- 3 |  4- 6 || total
-------------------------+-------+-------++-------
Melee: Long sword        |    40 |    37 ||    77
       Headbutt          |     8 |    20 ||    28
       Dagger            |       |    76 ||    76
  Use: Potion            |       |     1 ||     1
  Eat: Chunk             |       |     5 ||     5
Armor: Scale mail        |    12 |    28 ||    40
Dodge: Dodged            |    18 |    24 ||    42
Block: Kite shield       |    18 |    38 ||    56
       Rpst.: Long sword |     6 |     2 ||     8
